 Dungeon Crawl Stone Soup version 0.31-a0-321-g19405a7a6a (webtiles) character file.

Game seed: 14542307949636134520

329 LeprechaunX the Changeling (level 6, -3/42 HPs)
             Began as an Octopode Shapeshifter on July 17, 2023.
             Slain by Ijyb
             ... wielding a +5 club
              (9 damage)
             ... on level 4 of the Dungeon.
             The game lasted 00:03:32 (2843 turns).

LeprechaunX the Changeling (Octopode Shapeshifter)  Turns: 2843, Time: 00:03:33

Health: -3/42      AC:  1    Str: 17    XL:     6   Next: 51%
Magic:  6/6        EV: 13    Int: 10    God:
Gold:   217        SH:  0    Dex: 12    Spells: 5/5 levels left

rFire   . .          .
                       - Unarmed
rCold   + . .        (no shield)
rNeg    . . .        (helmet currently unavailable)
rPois   +            m - amulet of magic regeneration
rElec   .            p - ring of wizardry
rCorr   .            q - ring of poison resistance
SInv    .            r - ring of protection from cold
Will    .....        (no ring)
Stlth   ++           (no ring)
HPRegen 0.27/turn    (no ring)
MPRegen 0.50/turn    (no ring)
                     (no ring)

%: wizardry (x1)
@: beast-form
A: beast (slay +3), almost no armour, amphibious, 8 rings, camouflage 1,
gelatinous body 1, (nimble swimmer 1), tentacles
a: Begin Untransformation


You were on level 4 of the Dungeon.
You were a hulking beast.
You visited 1 branch of the dungeon, and saw 5 of its levels.

You collected 217 gold pieces.

Inventory:

Missiles
 j - 8 poisoned darts
 w - 3 javelins (quivered)
Jewellery
 m - an amulet of magic regeneration (around mantle)
 p - a ring of wizardry (left tentacle)
 q - a ring of poison resistance (right tentacle)
 r - a ring of protection from cold (on tentacle)
Talismans
 b - a beast talisman
Scrolls
 c - 2 scrolls of vulnerability {unknown}
 d - 2 scrolls of enchant armour {unknown}
 f - 2 scrolls of fog {unknown}
 h - 3 scrolls of blinking {unknown}
 k - a scroll of fear {unknown}
 o - 2 scrolls of teleportation {unknown}
 t - a scroll of amnesia {unknown}
 u - 2 scrolls of immolation {unknown}
 v - a scroll of identify {unknown}
Potions
 a - 4 potions of lignification
 e - 2 potions of heal wounds {unknown}
 g - 3 potions of cancellation {unknown}
 i - a potion of enlightenment {unknown}
 l - 3 potions of degeneration {unknown}
 n - a potion of berserk rage {unknown}
 s - 2 potions of curing {unknown}


   Skills:
 + Level 3.2 Fighting
 + Level 3.1 Dodging
 * Level 4.1 Unarmed Combat
 * Level 4.3 Shapeshifting


You had 5 spell levels left.
You didn't know any spells.
Your spell library was empty.

Dungeon Overview and Level Annotations

Branches:
Dungeon (5/15)
 Temple: D:4-7

Altars:
Wu Jian

Annotations:
D:4 Ijyb


Innate Abilities, Weirdness & Mutations

You are a hulking beast.
Your limbs bulge with bestial killing power. (Slay +3)
You cannot wear most types of armour.
You are amphibious.
You can wear up to eight rings at the same time.
Your skin changes colour to match your surroundings (Stealth+).
Your rubbery body absorbs attacks. (AC +1, EV +1)
((You are camouflaged when in or above water. (Stealth+)))
You have tentacles for arms and can constrict up to eight enemies at once.


Message History

You see here a ball python corpse.
Key pressed, stopping explore.
A ball python comes into view.
A ball python is nearby!
A ball python is nearby!
Ijyb the Twisted Goblin comes into view.
She is wielding a +5 club and carrying a wand of mindburst.
The ball python hisses angrily.
The ball python barely misses you. x2
You tentacle-slap the ball python. Your grab misses the ball python.
You tentacle-slap the ball python.
You kill the ball python!
Ijyb shouts!
Ijyb zaps a wand.
You barely resist.
Ijyb zaps a wand.
Your mind is blasted!
Found 2 viscous purple potions.
Ijyb hits you with a +5 club.
You closely miss Ijyb. You grab Ijyb. You constrict Ijyb, but do no damage.
Ijyb hits you with a +5 club!
You tentacle-slap Ijyb.
Ijyb is lightly wounded.
You constrict Ijyb, but do no damage. Ijyb hits you with a +5 club.
You are too injured to fight recklessly!
You are too injured to fight recklessly!
You are too injured to fight recklessly!
You tentacle-slap Ijyb.
Ijyb is lightly wounded.
You constrict Ijyb. Ijyb barely misses you.
You bludgeon Ijyb!
Ijyb is heavily wounded.
You constrict Ijyb. Ijyb hits you with a +5 club.
You tentacle-slap Ijyb but do no damage.
Ijyb is heavily wounded.
You constrict Ijyb. Ijyb hits you with a +5 club!
* * * LOW HITPOINT WARNING * * *
You tentacle-slap Ijyb.
Ijyb is severely wounded.
You constrict Ijyb.
Ijyb grins evilly.
Ijyb hits you with a +5 club!
You die...

#.......................
#..........###...####...
#..........## #...#
............# #...#
............# #...##
.... #..†.# . ##...#
....####....##.
.......h........
##.!..g.........#
###.......#...##
#......####..# #.....##
..# #....## .. #....#
....##


You could see Ijyb.

Vanquished Creatures
  A scorpion (D:5)
  2 hounds
  2 orc wizards (D:3)
  7 adders
  2 worms
  A dart slug (D:4)
  9 orcs (D:3)
  6 bats
  7 endoplasms
  6 giant cockroaches
  9 goblins
  5 hobgoblins
  5 jackals
  3 kobolds
  4 quokkas
  7 ball pythons
  A frilled lizard (D:2)
  2 rats
79 creatures vanquished.

Notes
Turn   | Place    | Note
-------+----------+-------------------------------------------
     0 | D:1      | LeprechaunX the Octopode Shapeshifter began the quest for
                  | the Orb.
     0 | D:1      | Reached XP level 1. HP: 14/14 MP: 1/1
   165 | D:1      | Reached XP level 2. HP: 19/19 MP: 2/2
   623 | D:2      | Reached XP level 3. HP: 7/24 MP: 3/3
  1097 | D:2      | Reached XP level 4. HP: 26/30 MP: 4/4
  1625 | D:3      | Reached XP level 5. HP: 4/35 MP: 5/5
  1971 | D:3      | You fall into a shaft and drop 2 floors!
  1971 | D:5      | Entered Level 5 of the Dungeon
  1979 | D:5      | Found an ornate altar of the Wu Jian Council.
  2003 | D:5      | Reached XP level 6. HP: 33/42 MP: 6/6
  2832 | D:4      | Noticed Ijyb
  2843 | D:4      | Slain by Ijyb

Illustrated notes

Levels and vault maps discovered:
D:1:      saegor_arrival_simple_c, layout_basic
D:2:      layout_basic
D:3:      minmay_chambers_of_twos, layout_loops_ring, minmay_misc_feat_plants
D:4:      layout_layer_cave, serial_shops, shop, uniq_ijyb
D:5:      layout_basic, lemuel_crystal_altar, minitemple

Skill      XL: |  1  2  3  4  5  6 |
---------------+-------------------+-----
Unarmed Combat | 3 4 |  4.1
Fighting       | 3 |  3.2
Dodging        | 3 |  3.1
Shapeshifting  | 4 |  4.3

Action                     |  1- 3 |  4- 6 || total
---------------------------+-------+-------++-------
  Melee: Unarmed           |    63 |    91 ||   154
         Constrict         |    10 |    23 ||    33
         Tentacles         |     9 |    22 ||    31
         Punch             |     2 |     6 ||     8
   Stab: Sleeping          |     3 |     7 ||    10
 Armour: Skin              |     9 |     6 ||    15
  Dodge: Dodged            |    50 |    39 ||    89

Table legend: (Time is in decaauts)
 A = Elapsed time spent in this place.
 B = Non-inter-level travel time spent in this place.
 C = Inter-level travel time spent in this place.
 D = Time resting spent in this place.
 E = Time spent auto-exploring this place.
 F = Levels seen in this place.
 G = Mean time per level.
                   A        B        C        D        E       F      G
               +--------+--------+--------+--------+--------+-----+--------+
         Total |   2830 |   2712 |    118 |    103 |   2073 |   5 |  566.0 |
       Dungeon |   2830 |   2712 |    118 |    103 |   2073 |   5 |  566.0 |
               +--------+--------+--------+--------+--------+-----+--------+

Top non-repeatable levels by time:
     D:3: 890 daAuts
     D:2: 861 daAuts
     D:1: 601 daAuts
     D:4: 436 daAuts
     D:5: 40 daAuts
